 Dungeon Crawl Stone Soup version 0.31.0-11-ge490571c62 (webtiles) character file.

Game seed: 1384170322158890894

199 Kraboum the Trooper (level 5, -1/51 HPs)
             Began as a Naga Fighter on Feb 2, 2024.
             Succumbed to an adder's poison
             ... on level 3 of the Dungeon on Feb 6, 2024.
             The game lasted 00:28:18 (2746 turns).

Kraboum the Trooper (Naga Fighter)                  Turns: 2746, Time: 00:28:18

Health: -1/51      AC:  4    Str: 20    XL:     5   Next: 77%
Magic:  5/5        EV:  9    Int:  8    God:
Gold:   190        SH:  4    Dex: 11    Spells: 4/4 levels left

rFire   . . .        a - +0 trident
rCold   . . .        c - +0 buckler
rNeg    + . .        t - +1 leather armour {rN+}
rPois   +            (helmet currently unavailable)
rElec   .            x - melded +0 cloak
rCorr   .            (gloves currently unavailable)
SInv    +            (no barding)
Will    .....        (no amulet)
Stlth   +            (no ring)
HPRegen 0.28/turn    (no ring)
MPRegen 0.09/turn

%: no passive effects
@: lethally poisoned (-1 -> -6), beast-form, very slow
A: beast (slay +0), AC +1, large, see invisible, deformed body, poison
resistance, slowness 2, spit poison 1, naga tail 1
a: Spit Poison, Begin Untransformation


You were on level 3 of the Dungeon.
You were a hulking beast.
You visited 1 branch of the dungeon, and saw 4 of its levels.

You collected 190 gold pieces.

Inventory:

Hand Weapons
 a - a +0 trident (weapon)
 u - a +1 mace of protection
Missiles
 w - 8 poisoned darts
Armour
 b - a +0 scale mail
 c - a +0 buckler (worn)
 t - a +1 leather armour of positive energy (worn)
 x - a +0 cloak (melded)
Talismans
 e - a beast talisman (active)
Scrolls
 f - a scroll of teleportation {unknown}
 g - a scroll of blinking {unknown}
 j - 2 scrolls of fear {unknown}
 l - a scroll of brand weapon {unknown}
 m - a scroll of enchant weapon {unknown}
 n - 5 scrolls of identify {unknown}
 p - a scroll of torment {unknown}
 q - a scroll of noise {unknown}
 r - a scroll of poison {unknown}
Potions
 d - a potion of might
 h - 2 potions of mutation {unknown}
 i - a potion of invisibility {unknown}
 k - a potion of brilliance {unknown}
 o - a potion of berserk rage {unknown}
 s - a potion of enlightenment {unknown}
 v - 2 potions of haste {unknown}


   Skills:
 + Level 4.5 Fighting
 + Level 4.1 Polearms
 - Level 2.4 Armour
 + Level 1.3 Dodging
 + Level 1.0 Stealth
 - Level 2.6 Shields
 + Level 0.1 Shapeshifting


You had 4 spell levels left.
You didn't know any spells.
Your spell library contained the following spells:

 Spells                   Type           Power      Damage    Failure   Level
 Slow                     Hex            0%         N/A       54%         1
 Mercury Vapours          Alch/Air       0%         N/A       67%         2
 Confusing Touch          Hex            0%         N/A       88%         3
 Mephitic Cloud           Conj/Alch/Air  0%         N/A       88%         3
 Sigil of Binding         Hex            0%         N/A       88%         3
 Vampiric Draining        Necr           0%         2d6       88%         3
 Freezing Cloud           Conj/Ice/Air   0%         6-21      100%        5


Dungeon Overview and Level Annotations

Branches:
Dungeon (4/15)
 Temple: D:4-7

Altars:
Qazlal
Uskayaw

Annotations:
D:4 Eustachio


Innate Abilities, Weirdness & Mutations

You are a hulking beast.
Your limbs bulge with bestial killing power. (Slay +0)
Your serpentine skin is tough. (AC +1)
You have supernaturally acute eyesight. (SInv)
Armour fits poorly on your strangely shaped body.
Your system is resistant to poisons. (rPois)
You cover ground very slowly.
You can spit poison.
You have a snake-like lower body.


Message History

* * * LOW HITPOINT WARNING * * *
A ball python comes into view.
The white imp shouts, "Give up, thou hateful milk-livered dandiprat!"
The quokka barely misses you.
Eustachio casts a spell.
The quokka attacks as it pursues you!
The quokka bites you but does no damage.
You block the quokka's attack.
The white imp disappears in a puff of smoke!
The quokka barely misses you. The quokka barely misses you.
Eustachio casts a spell.
The river rat squeaks loudly.
You hear an angry hiss.
The adder attacks as it pursues you! You block the adder's attack.
The adder bites you but does no damage. The quokka barely misses you.
The adder bites you.
* * * LOW HITPOINT WARNING * * *
You block the hobgoblin's attack. The adder attacks as it pursues you!
You block the adder's attack. The rat attacks as it pursues you!
The rat bites you.
* * * LOW HITPOINT WARNING * * *
The hobgoblin attacks as it pursues you!
You block the hobgoblin's attack. The adder barely misses you.
The rat attacks as it pursues you! You block the rat's attack.
The adder completely misses you.
Eustachio mumbles some strange words.
You block the rat's attack.
There is a stone staircase leading up here.
The quasit disappears in a puff of smoke! x2
The adder closely misses you. You block the rat's attack.
You climb upwards.
There is a stone staircase leading down here.
You barely miss the adder. The adder bites you.
* * * LOW HITPOINT WARNING * * *
You closely miss the adder. The adder bites you.
* * * LOW HITPOINT WARNING * * *
You are lethally poisoned!
The adder poisons you! The adder closely misses you.
You miss the adder.
You die...

♣.♣.#..###.# #..........
♣..........#### #..........
♣♣♣...........####### #..).......
..###...............# #.......P..
..# #............##.###........PP
### ##.....#..##.##............♣♣
###(..#..(...#####.P..♣P...♣
#........S.......PP.♣.P.P♣
####..#....h....###..♣♣♣....
#....................♣......
#....................P......
#.....P..................... ##
#...♣.....................#^
.#####...P.♣....###..............
..........♣PPP..###<....###.###..
...#####P♣♣♣P...#>...#..# #..##..
.......#.PP♣♣...........####.###≈


You could see an adder.

Vanquished Creatures
  A howler monkey (D:4)
  An orc wizard (D:4)
  5 adders
  5 dart slugs
  2 ribbon worms (D:2)
  8 orcs
  5 ball pythons
  3 endoplasms
  2 giant cockroaches
  4 goblins
  3 hobgoblins
  3 jackals (D:1)
  12 kobolds
  4 quokkas (D:1)
  2 bats
  2 frilled lizards
  7 rats
69 creatures vanquished.

Notes
Turn   | Place    | Note
-------+----------+-------------------------------------------
     0 | D:1      | Kraboum the Naga Fighter began the quest for the Orb.
     0 | D:1      | Reached XP level 1. HP: 21/21 MP: 1/1
    59 | D:1      | Reached XP level 2. HP: 15/28 MP: 2/2
   290 | D:1      | Reached XP level 3. HP: 34/36 MP: 3/3
   604 | D:1      | Found a faded altar of an unknown god.
  1109 | D:2      | Reached XP level 4. HP: 40/44 MP: 4/4
  2131 | D:3      | Found a stormy altar of Qazlal.
  2358 | D:3      | Reached XP level 5. HP: 51/51 MP: 5/5
  2457 | D:3      | Found a hide-covered altar of Uskayaw.
  2542 | D:4      | Reached skill level 1 in Dodging
  2647 | D:4      | Noticed Eustachio
  2719 | D:4      | Reached skill level 1 in Stealth
  2744 | D:3      | HP: 1/51 [adder (4)]
  2746 | D:3      | Succumbed to an adder's poison

Illustrated notes

Levels and vault maps discovered:
D:1:      psy_arrival_dodecagon, layout_rooms, ebering_ecumenical_altar_hall,
          minmay_tromino_i4
D:2:      layout_basic, minmay_curled_crystal
D:3:      layout_rooms, mainiacjoe_overflow_alcove_4, grunt_qazlal_sundering,
          serial_forest, infiniplex_forest_clump_curved,
          infiniplex_forest_clump_tiny, infiniplex_forest_lined_2,
          infiniplex_forest_clump_small, infiniplex_forest_end_2,
          infiniplex_forest_clump_double, infiniplex_forest_clump_small,
          infiniplex_forest_zigzag_2
D:4:      layout_rooms, riverfiend_overflow_shadow_ancestor,
          nicolae_ashenzari_skybound, mainiacjoe_overflow_paths, uniq_eustachio

Skill      XL: |  1  2  3  4  5 |
---------------+----------------+-----
Fighting       | 4 |  4.5
Polearms       | 3 4 |  4.1
Dodging        | 1 |  1.3
Stealth        | 1 |  1.0
Armour         | |  2.4
Shields        | |  2.6
Shapeshifting  | |  0.1

Action                     |  1- 3 |  4- 6 || total
---------------------------+-------+-------++-------
  Melee: Trident           |   132 |   152 ||   284
Ability: Spit Poison       |       |     2 ||     2
    Use: Potion            |       |     2 ||     2
   Stab: Distracted        |       |     1 ||     1
 Armour: Scale mail        |    90 |    38 ||   128
         Leather armour    |       |    81 ||    81
  Dodge: Dodged            |    36 |    86 ||   122
  Block: Buckler           |    31 |    49 ||    80
   Form: Beast             |       |     1 ||     1
